Map: Vigília Leste LE

Players

Verus

  • Race: Protoss Protoss
  • League: Silver
  • Spawn Location: 7:00

IagoAbreu - Winner!

  • Race: Terran Terran
  • League: Gold
  • Spawn Location: 1:00

VOD

Have the link to the VOD?

Description

Time

  • Played on: March 10, 2018, 6:17 p.m.
  • Length: 13:50
Show
View Real Time Build Order
Export as new Build Order

Verus Protoss 

Build Orders:  

Get SALT Encoding   

  12  0:11  Pylon  
  12  0:33  Forge  
  12  0:49  Pylon  
  12  0:57  Pylon  
  12  1:10  Pylon  
  12  1:25  Photon Cannon  
  12  1:38  Photon Cannon  
  11  2:15  Pylon  
  11  2:27  Gateway  
  11  2:28  Gateway  
  11  2:36  Gateway  
  11  2:40  Assimilator  
  11  2:41  Probe  
  12  2:44  Assimilator  
  12  2:54  Probe  
  13  3:03  Pylon  
  13  3:29  Cybernetics Core  
  13  3:32  Probe  
  14  3:44  Probe  
  15  3:56  Probe  
  16  4:13  Probe  
  17  4:24  Twilight Council  
  17  4:36  Protoss Ground Weapons Level 1  
  17  5:07  Dark Shrine  
  17  5:11  Probe  
  18  5:23  Probe  
  19  5:35  Probe  
  20  5:47  Probe  
  20  5:48  Photon Cannon  
  20  5:49  Photon Cannon  
  21  5:54  Photon Cannon  
  21  6:21  Dark Templar x3  
  27  6:42  Protoss Ground Weapons Level 2  
  27  7:06  Dark Templar  
  29  7:34  Nexus  
  29  7:49  Stargate  
  29  7:55  Zealot  
  29  7:56  Zealot x2  
  35  8:19  Assimilator  
  35  8:20  Assimilator  
  35  8:23  Zealot x2  
  39  8:46  Zealot  
  41  8:49  Pylon, Probe  
  42  8:56  Pylon  
  42  9:01  Probe  
  43  9:13  Probe  
  40  9:32  Photon Cannon  
  40  9:35  Photon Cannon  
  8  11:39  Probe  
  9  11:51  Probe  
  10  11:58  Archon  
  10  12:00  Archon  
  10  12:03  Probe  
  11  12:15  Probe  
Show
View Real Time Build Order
Export as new Build Order

IagoAbreu Terran - Winner!

Build Orders:  

Get SALT Encoding   

  12  0:10  Supply Depot  
  12  0:13  SCV  
  13  0:25  SCV  
  14  0:35  Barracks  
  14  0:38  SCV  
  15  1:02  Supply Depot  
  15  1:23  Orbital Command  
  15  1:25  Marine  
  17  2:05  Refinery  
  16  2:12  Refinery  
  17  2:17  SCV  
  17  2:22  Marine  
  18  2:38  SCV  
  18  2:41  Marine  
  20  2:48  Engineering Bay  
  20  2:50  SCV  
  21  2:59  Marine  
  21  3:02  SCV  
  23  3:07  Factory  
  23  3:32  Missile Turret  
  23  3:36  Missile Turret  
  23  3:42  Missile Turret  
  23  3:43  SCV  
  24  3:52  Missile Turret  
  24  3:57  Missile Turret  
  24  4:02  Missile Turret  
  24  4:17  Starport  
  24  4:34  Factory Tech Lab  
  24  4:36  SCV  
  25  4:45  Marine  
  26  4:49  SCV  
  27  4:55  Hi-Sec Auto Tracking  
  27  5:03  Marine  
  27  5:06  Factory Tech Lab, Starport  
  28  5:10  Banshee  
  28  5:12  Cloaking Field  
  31  5:21  Fusion Core  
  31  5:31  Starport  
  31  5:42  Supply Depot  
  31  5:44  Supply Depot  
  31  6:04  SCV  
  32  6:05  Banshee  
  32  6:09  Banshee  
  38  6:14  Starport Tech Lab  
  38  6:24  Command Center  
  38  6:31  Armory  
  41  6:48  Viking  
  40  6:59  Factory Reactor  
  40  7:18  Viking  
  42  7:32  Marine  
  43  7:42  Refinery  
  43  7:47  Banshee x2  
  43  7:50  Marine  
  50  7:55  Terran Ship Weapons Level 1  
  50  8:06  Orbital Command  
  50  8:14  Widow Mine x2  
  50  8:17  Viking  
  50  8:18  Refinery  
  56  8:35  SCV  
  57  8:47  SCV  
  58  8:59  SCV  
  59  9:11  SCV  
  51  10:07  Banshee x2  
  51  10:10  Banshee  
  60  10:25  Widow Mine  
  62  10:33  Widow Mine  
  51  11:28  Banshee x3  
  60  11:39  Supply Depot  
  60  11:45  Supply Depot  
  60  11:46  Supply Depot  
  60  11:55  Starport  
  60  12:01  Starport  
  60  12:03  Supply Depot  
  60  12:10  Supply Depot  
  60  12:11  Banshee x3  
Tags
 
Add a new tag
Caveats
  • Supply blocks, unpowered buildings, or Contaminate may cause inaccurate times.
  • Supply counts are checked every 10 seconds.